 Dungeon Crawl Stone Soup version 0.31-a0-803-g95b03c3367 (webtiles) character file.

Game seed: 15595066198237887194

53 Maratek the Trooper (level 3, 0/26 HPs)
             Began as an Octopode Fighter on Sept 21, 2023.
             Killed from afar by Natasha (10 damage)
             ... with a magic dart
             ... on level 2 of the Dungeon.
             The game lasted 00:00:58 (886 turns).

Maratek the Trooper (Octopode Fighter)               Turns: 886, Time: 00:00:59

Health: 0/26       AC:  1    Str: 17    XL:     3   Next: 87%
Magic:  3/3        EV: 13    Int: 10    God:
Gold:   28         SH:  4    Dex: 11    Spells: 2/2 levels left

rFire   . . .        a - +0 war axe
rCold   . . .        b - +0 buckler
rNeg    . . .        (helmet restricted)
rPois   .            (no amulet)
rElec   .            (no ring)
rCorr   .            (no ring)
SInv    .            (no ring)
Will    .....        (no ring)
Stlth   ++           (no ring)
HPRegen 0.24/turn    (no ring)
MPRegen 0.08/turn    (no ring)
                     (no ring)

%: no passive effects
@: no status effects
A: almost no armour, amphibious, 8 rings, camouflage 1, gelatinous body 1,
(nimble swimmer 1), tentacles
a: no special abilities


You were on level 2 of the Dungeon.
You visited 1 branch of the dungeon, and saw 2 of its levels.

You collected 28 gold pieces.

Inventory:

Hand Weapons
 a - a +0 war axe (weapon)
Armour
 b - a +0 buckler (worn)
Scrolls
 f - a scroll of immolation {unknown}
 g - 3 scrolls of revelation {unknown}
Potions
 c - 2 potions of might
 d - a potion of attraction {unknown}
 e - a potion of lignification {unknown}
 h - a potion of curing {unknown}


   Skills:
 + Level 3.5 Fighting
 + Level 2.3 Axes
 + Level 3.4 Dodging
 + Level 1.1 Stealth
 + Level 3.4 Shields


You had 2 spell levels left.
You didn't know any spells.
Your spell library contained the following spells:

 Spells                   Type           Power      Damage    Failure   Level
 Ozocubu's Armour         Ice            0%         N/A       82%         3
 Metabolic Englaciation   Hex/Ice        0%         N/A       100%        5
 Simulacrum               Ice/Necr       0%         N/A       100%        6


Dungeon Overview and Level Annotations

Branches:
Dungeon (2/15)

Altars:

Annotations:
D:2 Natasha


Innate Abilities, Weirdness & Mutations

You cannot wear most types of armour.
You are amphibious.
You can wear up to eight rings at the same time.
Your skin changes colour to match your surroundings (Stealth+).
Your rubbery body absorbs attacks. (AC +1, EV +1)
((You are camouflaged when in or above water. (Stealth+)))
You have tentacles for arms and can constrict up to eight enemies at once.


Message History

No target in view!
Found a club.
You see here a +0 club.
You open the door.
Found a leather armour.
No target in view!
No target in view!
No target in view!
There is an open door here.
You open the door.
Found 6 stones.
There is an open door here.
You see here 6 stones.
Natasha, Servant of Life and Death comes into view.
Natasha hisses angrily.
Natasha casts a spell.
There are monsters nearby!
There are monsters nearby!
The cerulean imp completely misses you.
You slash the cerulean imp! Your grab misses the cerulean imp.
The cerulean imp is almost dead.
Natasha casts a spell.
The cerulean imp misses you.
Natasha mumbles some strange words.
You feel troubled.
Natasha mumbles some strange words.
You block the cerulean imp's attack.
You hit the cerulean imp.
You kill the cerulean imp!
The cerulean imp disappears in a puff of smoke!
You slash Natasha! You grab Natasha.
Natasha is heavily wounded.
You constrict Natasha. Natasha claws you!
The cerulean imp hits you from afar with a +2 spear.
The cerulean imp barely misses you.
The cerulean imp hits you from afar with a +2 spear.
Natasha casts a spell at you. The magic dart hits you!
You die...
Natasha begins licking her fur clean.

###.#### ##.#.....
###....####
..........# #####
###..<.##.# ##...#
# ##.#....... ....#
# #)#.####.# .55 #
#.#.####.# #h#
##+#......# #@#
##...####### #.#
##.....## ###.#
#.......## ##.#.#
.........####....##
.........'..(.....#
.........####...#.#
#....[..## #.#...#
##.....## #...###


You could see Natasha and 2 cerulean imps.

Vanquished Creatures
  An adder (D:2)
  A gnoll (D:1)
  3 ball pythons (D:1)
  2 endoplasms (D:1)
  3 giant cockroaches (D:1)
  4 goblins
  5 hobgoblins (D:1)
  4 jackals (D:1)
  A quokka (D:2)
  4 bats (D:1)
  A frilled lizard (D:1)
  A rat (D:1)
30 creatures vanquished.

Notes
Turn   | Place    | Note
-------+----------+-------------------------------------------
     0 | D:1      | Maratek the Octopode Fighter began the quest for the Orb.
     0 | D:1      | Reached XP level 1. HP: 16/16 MP: 1/1
   102 | D:1      | Reached XP level 2. HP: 21/21 MP: 2/2
   329 | D:1      | Reached XP level 3. HP: 11/26 MP: 3/3
   830 | D:2      | Reached skill level 1 in Stealth
   880 | D:2      | Noticed Natasha
   886 | D:2      | Killed from afar by Natasha

Illustrated notes

Levels and vault maps discovered:
D:1:      lightli_iron_boxes, layout_rooms, minmay_statues_item,
          minmay_crystal_water, chequers_serial_rivers_micro_b,
          minmay_misc_feat_hallway, grunt_decor_mini_mirrors, nicolae_the_louvre
D:2:      layout_loops_corners, serial_forest, infiniplex_forest_clump_long,
          infiniplex_forest_join, infiniplex_forest_lined_2,
          infiniplex_forest_clump_double, infiniplex_forest_clump_small,
          infiniplex_forest_clump_double, basic_altar, uniq_natasha

Skill      XL: |  1  2  3 |
---------------+----------+-----
Stealth        | 1 |  1.1
Fighting       | |  3.5
Axes           | |  2.3
Dodging        | |  3.4
Shields        | |  3.4

Action                     || total
---------------------------++-------
  Melee: War axe           ||    54
         Constrict         ||    14
         Tentacles         ||     5
   Stab: Sleeping          ||     7
 Armour: Skin              ||    21
  Dodge: Dodged            ||    36
  Block: Buckler           ||     6

Table legend: (Time is in decaauts)
 A = Elapsed time spent in this place.
 B = Non-inter-level travel time spent in this place.
 C = Inter-level travel time spent in this place.
 D = Time resting spent in this place.
 E = Time spent auto-exploring this place.
 F = Levels seen in this place.
 G = Mean time per level.
                   A        B        C        D        E       F      G
               +--------+--------+--------+--------+--------+-----+--------+
         Total |    909 |    868 |     41 |      0 |    690 |   2 |  454.5 |
       Dungeon |    909 |    868 |     41 |      0 |    690 |   2 |  454.5 |
               +--------+--------+--------+--------+--------+-----+--------+

Top non-repeatable levels by time:
     D:1: 806 daAuts
     D:2: 102 daAuts
